General information
- name: BNet
- type: Ladder team game (AT/RT)
- host: Battle.net
- saver: OyVey
map: TwilightRuins
- players: 8
- length: 39:42
- speed: Fast
- version: 1.26 W3XP
- replay type: Public
» download(221 KB)
Players
team 1 (winner)
PineLotion (
orange | 80 APM | 1235 actions | 15:26)
2 Blademaster
1 Wind Walk
1 Critical Strike
» actions
| Assign group hotkey | 100 | |
| Basic commands | 9 | |
| Build / train | 43 | |
| Enter build submenu | 18 | |
| Enter hero's abilities submenu | 2 | |
| Right click | 798 | |
| Select / deselect | 119 | |
| Select group hotkey | 97 | |
| Use ability | 49 | |
1235 total
» units
| Peon | 11 | |
| Shaman | 6 | |
| Troll Batrider | 3 | |
| Raider | 1 | |
21 total
» upgrades
| Shaman Training | 2 | |
| Ranged Weapons | 1 | |
| Armor | 1 | |
4 total
» buildings
| Altar of Storms | 1 | |
| Orc Burrow | 7 | |
| Voodoo Lounge | 1 | |
| Stronghold | 3 | |
| War Mill | 1 | |
| Fortress | 1 | |
| Spirit Lodge | 1 | |
| Beastiary | 1 | |
16 total
» build order
00:09 Altar of Storms
00:24 Orc Burrow
01:27 Voodoo Lounge
02:58 Stronghold
02:58 Stronghold
03:10 War Mill
05:02 Orc Burrow
05:21 Fortress
06:22 Spirit Lodge
06:50 Orc Burrow
07:31 Orc Burrow
10:04 Beastiary
14:58 Orc Burrow
15:00 Orc Burrow
15:05 Orc Burrow
» items
| Healing Salve | 1 | |
| Lesser Clarity Potion | 4 | |
| Boots of Speed | 1 | |
| Circlet of Nobility | 1 | |
| Staff of Teleportation | 1 | |
| Orb of Lightning | 1 | |
9 total
BLACKKNIGHT- (
pink | 37 APM | 1352 actions | 36:19)
4 Mountain King
2 Storm Bolt
2 Bash
4 Paladin
1 Holy Light
1 Devotion Aura
2 Divine Shield
» actions
| Assign group hotkey | 15 | |
| Basic commands | 51 | |
| Build / train | 111 | |
| Enter build submenu | 39 | |
| Enter hero's abilities submenu | 8 | |
| Give item / drop item | 1 | |
| Remove unit from queue | 4 | |
| Right click | 429 | |
| Select / deselect | 550 | |
| Select group hotkey | 33 | |
| Use ability | 108 | |
1352 total
» units
| Peasant | 7 | |
| Footman | 3 | |
| Knight | 10 | |
| Troll Batrider | 15 | |
| Priest | 1 | |
| Spell Breaker | 2 | |
| Chimaera | 5 | |
| Wind Rider | 9 | |
| Rifleman | 5 | |
| Peon | 5 | |
62 total
» upgrades
| Swords | 3 | |
| Plating | 3 | |
| Masonry | 3 | |
| Animal War Training | 1 | |
| Magic Sentry | 1 | |
| Spiked Barricades | 1 | |
| Gunpowder | 1 | |
| Armor | 1 | |
14 total
» buildings
| Farm | 10 | |
| Altar of Kings | 1 | |
| Keep | 2 | |
| Barracks | 2 | |
| Blacksmith | 1 | |
| Lumber Mill | 1 | |
| Castle | 2 | |
| Scout Tower | 5 | |
| Guard Tower | 1 | |
| Arcane Tower | 4 | |
| Arcane Vault | 1 | |
| Arcane Sanctum | 1 | |
| Town Hall | 1 | |
| Beastiary | 2 | |
| Orc Burrow | 3 | |
| Great Hall | 4 | |
41 total
» build order
01:06 Farm
01:10 Altar of Kings
01:57 Keep
01:57 Keep
02:01 Barracks
02:08 Barracks
02:31 Farm
02:33 Blacksmith
02:38 Lumber Mill
03:12 Farm
03:13 Farm
03:17 Farm
04:26 Castle
04:26 Castle
05:26 Scout Tower
05:31 Scout Tower
05:56 Farm
05:57 Guard Tower
06:06 Arcane Tower
06:39 Farm
07:21 Farm
08:25 Farm
09:29 Farm
10:07 Arcane Vault
12:50 Arcane Sanctum
12:52 Scout Tower
14:02 Arcane Tower
14:03 Scout Tower
16:59 Arcane Tower
17:00 Scout Tower
18:06 Arcane Tower
19:08 Town Hall
21:22 Beastiary
21:24 Orc Burrow
22:04 Beastiary
23:15 Orc Burrow
23:21 Orc Burrow
25:41 Great Hall
31:47 Great Hall
31:50 Great Hall
31:53 Great Hall
» items
| Scroll of Town Portal | 2 | |
| Orb of Fire | 1 | |
| Orb of Lightning | 2 | |
| Scroll of Speed | 1 | |
6 total
thekingstitties (
yellow | 40 APM | 712 actions | 17:50)
3 Keeper of the Grove
1 Force of Nature
1 Entangling Roots
1 Thorns Aura
2 Priestess of the Moon
1 Scout
1 Trueshot Aura
1 Demon Hunter
1 Mana Burn
» actions
| Assign group hotkey | 10 | |
| Build / train | 65 | |
| Enter build submenu | 33 | |
| Enter hero's abilities submenu | 6 | |
| Right click | 239 | |
| Select / deselect | 225 | |
| Select group hotkey | 86 | |
| Use ability | 48 | |
712 total
» units
| Wisp | 33 | |
| Archer | 6 | |
| Hippogryph | 7 | |
| Chimaera | 2 | |
48 total
» upgrades
| Strength of the Wild | 1 | |
| Reinforced Hides | 1 | |
| Ultravision | 1 | |
| Well Spring | 1 | |
| Corrosive Breath | 1 | |
5 total
» buildings
| Moon Well | 7 | |
| Altar of Elders | 1 | |
| Ancient of War | 1 | |
| Ancient of Wonders | 2 | |
| Hunter's Hall | 1 | |
| Ancient Protector | 9 | |
| Tree of Ages | 1 | |
| Tree of Life | 1 | |
| Ancient of Wind | 4 | |
| Tree of Eternity | 1 | |
| Chimaera Roost | 4 | |
32 total
» build order
00:23 Moon Well
00:37 Altar of Elders
00:51 Ancient of War
01:42 Moon Well
01:54 Ancient of Wonders
02:30 Hunter's Hall
03:34 Ancient Protector
03:40 Ancient Protector
04:06 Ancient Protector
04:18 Ancient Protector
05:01 Tree of Ages
05:38 Tree of Life
05:46 Ancient Protector
05:59 Ancient Protector
06:36 Moon Well
08:09 Ancient Protector
08:22 Ancient Protector
08:38 Ancient of Wonders
09:13 Ancient of Wind
09:16 Ancient of Wind
09:25 Tree of Eternity
10:03 Ancient Protector
10:24 Moon Well
11:16 Moon Well
13:09 Chimaera Roost
13:11 Chimaera Roost
13:27 Moon Well
14:06 Chimaera Roost
14:10 Chimaera Roost
14:54 Ancient of Wind
14:57 Ancient of Wind
16:43 Moon Well
» items
NoobeIfsmustdie (
teal | 85 APM | 3391 actions | 39:42)
9 Blademaster
3 Wind Walk
3 Critical Strike
1 Bladestorm
2 Mirror Image
» actions
| Assign group hotkey | 102 | |
| Basic commands | 35 | |
| Build / train | 121 | |
| ESC pressed | 7 | |
| Enter build submenu | 47 | |
| Enter hero's abilities submenu | 9 | |
| Give item / drop item | 5 | |
| Right click | 1486 | |
| Select / deselect | 365 | |
| Select group hotkey | 987 | |
| Use ability | 227 | |
3391 total
» units
| Peon | 15 | |
| Grunt | 7 | |
| Goblin Shredder | 1 | |
| Goblin Zeppelin | 1 | |
| Raider | 3 | |
| Troll Headhunter/Berserker | 2 | |
| Troll Batrider | 9 | |
| Goblin Sapper | 2 | |
| Wind Rider | 3 | |
43 total
» upgrades
| Armor | 3 | |
| Berserker Strength | 1 | |
| Pillage | 1 | |
| Ensnare | 1 | |
| Melee Weapons | 3 | |
| Reinforced Defenses | 2 | |
| Berserker Upgrade | 1 | |
| Troll Regeneration | 1 | |
| Ranged Weapons | 3 | |
| Liquid Fire | 1 | |
| Envenomed Spears | 1 | |
| Spiked Barricades | 1 | |
19 total
» buildings
| Orc Burrow | 5 | |
| Altar of Storms | 1 | |
| Barracks | 2 | |
| War Mill | 1 | |
| Voodoo Lounge | 1 | |
| Stronghold | 4 | |
| Great Hall | 3 | |
| Watch Tower | 32 | |
| Fortress | 4 | |
| Beastiary | 4 | |
57 total
» build order
00:12 Orc Burrow
01:06 Altar of Storms
01:08 Barracks
01:22 Orc Burrow
01:54 War Mill
02:26 Voodoo Lounge
03:37 Orc Burrow
04:37 Stronghold
04:37 Stronghold
04:37 Stronghold
05:13 Great Hall
06:11 Watch Tower
06:12 Watch Tower
07:00 Watch Tower
07:03 Watch Tower
07:07 Watch Tower
08:03 Watch Tower
08:05 Watch Tower
08:59 Fortress
09:00 Fortress
09:00 Fortress
09:33 Beastiary
09:36 Beastiary
09:53 Watch Tower
09:56 Watch Tower
09:57 Watch Tower
09:59 Watch Tower
10:00 Watch Tower
10:02 Watch Tower
11:49 Barracks
14:39 Orc Burrow
14:42 Orc Burrow
16:24 Watch Tower
16:25 Watch Tower
16:26 Watch Tower
17:19 Beastiary
17:22 Beastiary
17:25 Watch Tower
17:59 Watch Tower
18:01 Watch Tower
19:24 Watch Tower
22:07 Great Hall
22:10 Watch Tower
22:10 Watch Tower
22:11 Watch Tower
22:13 Watch Tower
22:13 Watch Tower
22:15 Watch Tower
22:16 Watch Tower
22:17 Watch Tower
29:46 Great Hall
30:35 Watch Tower
30:37 Watch Tower
30:39 Watch Tower
30:40 Watch Tower
» items
| Healing Salve | 4 | |
| Boots of Speed | 1 | |
| Replenishment Potion | 3 | |
| Lesser Clarity Potion | 2 | |
| Claws of Attack +9 | 1 | |
| Ring of Regeneration | 1 | |
| Pendant of Energy | 2 | |
| Orb of Lightning | 1 | |
| Scroll of Town Portal | 2 | |
| Scroll of Healing | 1 | |
| Potion of Lesser Invulnerability | 1 | |
| Healing Wards | 1 | |
20 total
team 2 (loser)
mcdyess (
green | 62 APM | 1505 actions | 24:05)
2 Crypt Lord
1 Impale
1 Spiked Carapace
6 Death Knight
3 Death Coil
2 Unholy Aura
1 Animate Dead
3 Lich
2 Frost Nova
1 Dark Ritual
» actions
| Assign group hotkey | 62 | |
| Basic commands | 26 | |
| Build / train | 88 | |
| Enter build submenu | 22 | |
| Enter hero's abilities submenu | 11 | |
| Give item / drop item | 3 | |
| Remove unit from queue | 1 | |
| Right click | 511 | |
| Select / deselect | 319 | |
| Select group hotkey | 375 | |
| Use ability | 87 | |
1505 total
» units
| Acolyte | 8 | |
| Ghoul | 1 | |
| Crypt Fiend | 14 | |
| Goblin Shredder | 1 | |
| Obsidian Statue | 6 | |
| Frost Wyrm | 6 | |
36 total
» upgrades
| Creature Attack | 3 | |
| Creature Carapace | 1 | |
| Web | 1 | |
| Destroyer Form | 1 | |
| Freezing Breath | 1 | |
7 total
» buildings
| Crypt | 1 | |
| Graveyard | 1 | |
| Ziggurat | 8 | |
| Altar of Darkness | 1 | |
| Nerubian Tower | 2 | |
| Tomb of Relics | 2 | |
| Necropolis | 1 | |
| Halls of the Dead | 1 | |
| Spirit Tower | 3 | |
| Black Citadel | 1 | |
| Slaughterhouse | 1 | |
| Sacrificial Pit | 1 | |
| Boneyard | 2 | |
25 total
» build order
00:12 Crypt
00:20 Graveyard
00:41 Ziggurat
01:01 Altar of Darkness
01:27 Ziggurat
02:02 Nerubian Tower
02:12 Tomb of Relics
04:23 Ziggurat
05:24 Nerubian Tower
05:34 Necropolis
06:15 Halls of the Dead
06:24 Ziggurat
07:15 Spirit Tower
08:23 Ziggurat
08:25 Ziggurat
08:58 Spirit Tower
09:01 Ziggurat
09:03 Tomb of Relics
09:30 Spirit Tower
09:34 Black Citadel
09:48 Slaughterhouse
09:56 Sacrificial Pit
12:20 Boneyard
12:22 Boneyard
19:37 Ziggurat
» items
| Rod of Necromancy | 1 | |
| Sacrificial Skull | 1 | |
| Dust of Appearance | 2 | |
| Potion of Lesser Invulnerability | 2 | |
| Boots of Speed | 1 | |
| Potion of Healing | 5 | |
| Orb of Corruption | 1 | |
| Scroll of Town Portal | 6 | |
19 total

»
Silesw (
purple | 63 APM | 1693 actions | 26:54)
6 Priestess of the Moon
2 Searing Arrows
3 Trueshot Aura
1 Starfall
5 Keeper of the Grove
3 Entangling Roots
1 Thorns Aura
1 Force of Nature
» actions
| Basic commands | 3 | |
| Build / train | 101 | |
| Enter build submenu | 27 | |
| Enter hero's abilities submenu | 11 | |
| Give item / drop item | 6 | |
| Remove unit from queue | 2 | |
| Right click | 968 | |
| Select / deselect | 492 | |
| Use ability | 83 | |
1693 total
» units
| Wisp | 30 | |
| Archer | 9 | |
| Huntress | 3 | |
| Goblin Shredder | 5 | |
| Chimaera | 7 | |
| Hippogryph | 2 | |
56 total
» upgrades
| Strength of the Wild | 3 | |
| Reinforced Hides | 3 | |
| Corrosive Breath | 1 | |
| Ultravision | 1 | |
8 total
» buildings
| Ancient of War | 1 | |
| Altar of Elders | 1 | |
| Moon Well | 10 | |
| Hunter's Hall | 1 | |
| Ancient Protector | 1 | |
| Tree of Life | 4 | |
| Tree of Ages | 2 | |
| Ancient of Wonders | 1 | |
| Tree of Eternity | 2 | |
| Ancient of Wind | 2 | |
| Chimaera Roost | 4 | |
29 total
» build order
00:38 Ancient of War
00:42 Altar of Elders
00:46 Moon Well
01:15 Moon Well
02:36 Moon Well
03:40 Hunter's Hall
04:22 Moon Well
04:47 Ancient Protector
05:22 Tree of Life
06:14 Moon Well
06:27 Tree of Ages
06:27 Tree of Ages
08:27 Moon Well
08:41 Ancient of Wonders
09:10 Tree of Eternity
09:10 Tree of Eternity
09:51 Ancient of Wind
11:32 Chimaera Roost
11:35 Chimaera Roost
11:37 Chimaera Roost
11:40 Chimaera Roost
12:48 Moon Well
13:50 Moon Well
14:52 Tree of Life
15:52 Moon Well
16:52 Moon Well
19:45 Tree of Life
23:07 Ancient of Wind
23:46 Tree of Life
» items
| Potion of Healing | 1 | |
| Orb of Venom | 1 | |
| Scroll of Town Portal | 1 | |
| Dust of Appearance | 1 | |
4 total
VSF1 (
red | 36 APM | 1378 actions | 38:33)
6 Death Knight
3 Death Coil
2 Death Pact
1 Animate Dead
1 Dark Ranger
1 Silence
» actions
| Assign group hotkey | 16 | |
| Basic commands | 12 | |
| Build / train | 46 | |
| ESC pressed | 1 | |
| Enter build submenu | 15 | |
| Enter hero's abilities submenu | 7 | |
| Give item / drop item | 2 | |
| Right click | 580 | |
| Select / deselect | 248 | |
| Select group hotkey | 380 | |
| Use ability | 71 | |
1378 total
» units
| Acolyte | 7 | |
| Ghoul | 3 | |
| Crypt Fiend | 8 | |
| Gargoyle | 1 | |
19 total
» upgrades
| Creature Attack | 1 | |
| Creature Carapace | 1 | |
| Web | 1 | |
3 total
» buildings
| Ziggurat | 5 | |
| Crypt | 2 | |
| Altar of Darkness | 2 | |
| Graveyard | 1 | |
| Tomb of Relics | 1 | |
| Nerubian Tower | 1 | |
| Halls of the Dead | 1 | |
| Sacrificial Pit | 1 | |
| Black Citadel | 1 | |
| Spirit Tower | 1 | |
| Necropolis | 1 | |
17 total
» build order
00:07 Ziggurat
00:38 Crypt
00:42 Altar of Darkness
01:10 Graveyard
01:58 Ziggurat
02:18 Tomb of Relics
02:37 Ziggurat
04:01 Nerubian Tower
06:27 Halls of the Dead
06:29 Ziggurat
08:39 Ziggurat
09:03 Sacrificial Pit
10:17 Black Citadel
11:12 Spirit Tower
25:29 Altar of Darkness
25:31 Crypt
25:35 Necropolis
» items
| Dust of Appearance | 1 | |
| Rod of Necromancy | 3 | |
| Scroll of Town Portal | 3 | |
| Potion of Healing | 1 | |
| Potion of Lesser Invulnerability | 2 | |
| Boots of Speed | 1 | |
11 total
OyVey (
blue | 48 APM | 1921 actions | 39:42)
8 Blademaster
3 Wind Walk
3 Critical Strike
1 Bladestorm
1 Mirror Image
» actions
| Assign group hotkey | 27 | |
| Basic commands | 209 | |
| Build / train | 76 | |
| Enter build submenu | 49 | |
| Enter hero's abilities submenu | 8 | |
| Give item / drop item | 7 | |
| Right click | 785 | |
| Select / deselect | 365 | |
| Select group hotkey | 186 | |
| Use ability | 209 | |
1921 total
» units
| Peon | 9 | |
| Grunt | 5 | |
| Goblin Shredder | 1 | |
| Troll Batrider | 3 | |
| Goblin Sapper | 7 | |
| Wind Rider | 4 | |
| Goblin Zeppelin | 3 | |
32 total
» upgrades
| Reinforced Defenses | 1 | |
| Ranged Weapons | 3 | |
| Armor | 3 | |
| Pillage | 1 | |
| Liquid Fire | 1 | |
| Troll Regeneration | 1 | |
| Envenomed Spears | 1 | |
11 total
» buildings
| Orc Burrow | 6 | |
| Altar of Storms | 1 | |
| Barracks | 1 | |
| Voodoo Lounge | 2 | |
| Stronghold | 1 | |
| War Mill | 2 | |
| Great Hall | 2 | |
| Watch Tower | 29 | |
| Fortress | 1 | |
| Beastiary | 4 | |
49 total
» build order
00:12 Orc Burrow
00:53 Altar of Storms
00:54 Barracks
01:09 Orc Burrow
01:35 Voodoo Lounge
02:51 Stronghold
03:52 War Mill
04:08 Orc Burrow
05:19 Great Hall
05:51 Orc Burrow
06:05 Watch Tower
06:06 Watch Tower
06:44 Watch Tower
06:48 Watch Tower
06:55 Watch Tower
06:57 Watch Tower
06:58 Watch Tower
08:04 Fortress
09:38 Watch Tower
09:38 Watch Tower
09:39 Watch Tower
09:43 Watch Tower
10:49 Watch Tower
10:50 Watch Tower
10:51 Watch Tower
10:52 Watch Tower
10:52 Watch Tower
12:34 Beastiary
12:35 Beastiary
12:36 Beastiary
12:40 Beastiary
13:34 War Mill
14:46 Orc Burrow
14:47 Orc Burrow
17:08 Watch Tower
17:09 Watch Tower
17:11 Watch Tower
17:12 Watch Tower
17:13 Watch Tower
17:15 Watch Tower
20:54 Great Hall
20:57 Watch Tower
20:58 Watch Tower
20:58 Watch Tower
20:59 Watch Tower
21:05 Watch Tower
21:05 Watch Tower
21:07 Watch Tower
22:19 Voodoo Lounge
» items
| Healing Salve | 4 | |
| Sentry Wards | 1 | |
| Claws of Attack +9 | 1 | |
| Potion of Mana | 2 | |
| Lesser Clarity Potion | 3 | |
| Potion of Healing | 2 | |
| Orb of Lightning | 1 | |
| Scroll of Town Portal | 3 | |
| Periapt of Vitality | 3 | |
| Staff of Teleportation | 2 | |
22 total
Chat log
(00:11 / Allies) VSF1: hi all
(00:18 / Allies) VSF1: fiends wyrms here
(00:20 / Allies) Silesw: hi abby
(00:32 / Allies) Silesw: BABY
(00:59 / Allies) Silesw: chims
(01:03 / Allies) VSF1: dont tech in bridge plz blue
(01:04 / Allies) Silesw: limited hippos
(01:17 / Allies) VSF1: nice
(01:22 / Allies) Silesw: yeah
(01:24 / Allies) Silesw: u like that?
(01:30 / All) OyVey: YOU LIKE THAT?>
(01:37 / Allies) Silesw: YOU LIke thaT!
(01:44 / All) PineLotion: fuck you redskins fan
(01:45 / Allies) Silesw: yOU LIKE THAT QB KNEEL
(01:55 / All) Silesw: IM A PATS FAN
(01:57 / All) OyVey: Cousins still >>>> robert griffen
(01:59 / Allies) Silesw: BUT THAT SHIT WAS FUNNY
(02:25 / All) OyVey: Chip Kelly to the Browns, Manziel confirmed GOAT
(02:26 / All) Silesw: I WANT TO SEE JIMMY G PLAY SUNDAY
(02:46 / All) Silesw: TB12 IS GOAT
(03:10 / All) OyVey: manziel new goat
(03:19 / All) Silesw: ITS FUNNNY HOW EVERYONE DEFEDNING THE NFL'S BITCH BOY MANNING
(04:35 / Allies) Silesw: fuck
(04:36 / Allies) Silesw: oj mh
(04:37 / Allies) Silesw: noob
(07:36 / Allies) Silesw: spare 100g?
(07:37 / Allies) Silesw: pls
(07:45 / Allies) Silesw: merci
(07:54 / Allies) Silesw: ty
(09:16 / All) OyVey: noob
(09:29 / Allies) Silesw: a bit
(10:34 / Allies) Silesw: knights
(10:41 / All) NoobeIfsmustdie: noob undead fiendbots lol
(11:07 / Allies) Silesw: upgrade tower
(11:08 / Allies) Silesw: red
(11:38 / Allies) VSF1: help???
(11:51 / Allies) Silesw: i gt nothing
(11:52 / Allies) Silesw: repiar
(11:53 / Allies) OyVey: repair
(11:56 / Allies) Silesw: help his guys
(11:57 / Allies) VSF1: idoots
(12:07 / Allies) Silesw: wtf are u guys doing
(12:07 / Allies) VSF1: gj
(12:20 / Allies) VSF1: gg
(12:31 / Allies) Silesw: we fine
(12:34 / Allies) Silesw: they got not much
(12:44 / Allies) VSF1: we just play ffa
(12:51 / All) OyVey: knew he'd be a bat noob
(13:05 / Allies) VSF1: need more gold blue??
(13:13 / Allies) Silesw: srry red
(13:15 / Allies) Silesw: i had nohting
(13:24 / Allies) Silesw: why blue need gold
(13:26 / Allies) Silesw: he has nothing
(13:31 / Allies) VSF1: 4k
(13:36 / Allies) VSF1: and no units
(13:41 / Allies) OyVey: Blame it on me for why yo usuck red lol
(13:42 / Allies) Silesw: lfa
(13:43 / Allies) Silesw: lmfao
(13:45 / Allies) OyVey: nice repair you fucking faggot
(13:48 / Allies) VSF1: not blame man
(13:51 / Allies) VSF1: i was
(13:54 / Allies) VSF1: check replay
(13:57 / Allies) OyVey: too late
(14:01 / Allies) VSF1: ye
(14:04 / Allies) VSF1: x 3
(14:05 / Allies) VSF1: ok
(14:09 / Allies) VSF1: talk mpre
(14:10 / Allies) Silesw: red
(14:13 / Allies) Silesw: stay
(14:14 / Allies) Silesw: with me
(14:15 / Allies) Silesw: and fight
(14:27 / Allies) Silesw: we take those kngihts out
(14:40 / Allies) Silesw: they rpob going to greene xpo
(14:44 / Allies) VSF1: why blue cant build units???
(15:00 / Allies) Silesw: cause he is gay faggot
(15:32 / Allies) OyVey: lol
(15:37 / Allies) OyVey: he got raped by one hero
(16:02 / Allies) Silesw: we gotta take out
(16:02 / Allies) Silesw: yellow
(16:15 / All) OyVey: I rape your whole base now pink
(16:46 / Allies) Silesw: before he masseshippos
(16:46 / Allies) VSF1: togheter
(17:04 / Allies) Silesw: web
(17:19 / All) Silesw: lmfao yellow ur so bad
(17:20 / All) OyVey: Pink you hear me?
(17:24 / All) OyVey: Better get towers your base is dead
(17:44 / All) Silesw: and pink u stupid
(17:45 / All) Silesw: gg
(18:11 / All) Silesw: YOU LIKE THAT?
(18:20 / All) NoobeIfsmustdie: You're gonna die noob elf
(18:22 / All) NoobeIfsmustdie: noob elfs must die!
(18:26 / All) Silesw: IM NOOB LMFAO
(18:30 / Allies) Silesw: U RETARD JUST GOT RAPED
(18:31 / All) NoobeIfsmustdie: you lose
(18:32 / All) NoobeIfsmustdie: I win
(18:36 / All) NoobeIfsmustdie: noob elfs must die
(18:45 / All) OyVey: mess with the best die like the rest, pink
(18:47 / All) Silesw: UP
(18:48 / All) Silesw: TP NOOOB
(18:49 / Allies) Silesw: LMFAO
(18:53 / All) NoobeIfsmustdie: you lose noob
(18:54 / All) Silesw: TP NOOB
(18:55 / Allies) Silesw: TP NOOB
(18:57 / Allies) Silesw: TP NOOB LMFAO
(19:04 / All) NoobeIfsmustdie: noob elfs must die
(19:07 / All) NoobeIfsmustdie: you lose noob elf
(19:13 / All) OyVey: someone has mh lol
(19:28 / Allies) Silesw: ITS PROBABLY NOOB TEAL
(19:29 / Allies) Silesw: LMFAO
(19:31 / Allies) Silesw: KID IS GARBAGE
(19:59 / All) Silesw: TRY AGAIN NOOB TEAL
(20:18 / All) Silesw: FUCKING PATHETIC TEAL
(20:36 / All) Silesw: TEAL PROBABLY IN LAST PLACE
(20:37 / All) NoobeIfsmustdie: out noob undead
(20:40 / All) NoobeIfsmustdie: noob elfs must die
(21:57 / All) Silesw: DUMBASS
(22:01 / All) Silesw: GET REKED
(22:01 / Allies) Silesw: NOOB
(22:18 / All) Silesw: UR FUCKING PATHETIC
(22:21 / All) NoobeIfsmustdie: you're rekt
(22:22 / All) NoobeIfsmustdie: you lose
(22:24 / All) NoobeIfsmustdie: noob elf lose
(22:40 / All) Silesw: FUNNY THING IS UR PROBABLY IN LAST PALE NOB
(22:41 / All) NoobeIfsmustdie: noob elf die
(22:47 / Allies) Silesw: NOOB
(22:48 / Allies) Silesw: BYE BYE
(22:50 / All) NoobeIfsmustdie: guaranteed I have higher score
(22:51 / Allies) Silesw: BEFORE I RAPE UR BASE
(22:54 / All) NoobeIfsmustdie: than noob elf who loses
(22:56 / All) NoobeIfsmustdie: you lose, noob elf
(23:06 / Allies) VSF1: blue tard
(23:15 / Allies) Silesw: W
(23:18 / Allies) Silesw: WHY U GUYS TKING?
(23:32 / Allies) OyVey: I AM AGAINST GAY MARRIAGE
(23:46 / All) NoobeIfsmustdie: ready to die noob elf?
(23:48 / Allies) VSF1: expo purple
(23:50 / All) Silesw: mh more noob
(23:52 / All) NoobeIfsmustdie: attack and die
(24:01 / All) NoobeIfsmustdie: attack and die chimbot
(24:02 / All) NoobeIfsmustdie: noob
(24:06 / Allies) Silesw: dude
(24:06 / Allies) Silesw: web
(24:49 / All) Silesw: dumb ass
(24:53 / All) Silesw: u fucking stupid bitch
(24:53 / All) Silesw: Gg
(24:58 / All) NoobeIfsmustdie: out
(25:00 / All) NoobeIfsmustdie: you lose
(25:01 / All) Silesw: lick my balls
(25:13 / All) NoobeIfsmustdie: out chimbot
(25:16 / Allies) Silesw: blue
(25:17 / All) OyVey: HOMOSEXUALS OUT
(25:19 / All) OyVey: BACK IN THE CLOSET
(25:22 / All) OyVey: I AM AGAINST GAY MARRIAGe
(25:30 / Allies) Silesw: wow
(25:30 / Allies) Silesw: gg
(25:31 / Allies) Silesw: we lost
(25:39 / Allies) Silesw: blue sucks teals dick it seems
(25:47 / All) NoobeIfsmustdie: out
(25:49 / Allies) Silesw: wow
(25:50 / All) NoobeIfsmustdie: noob elf lose
(25:52 / All) NoobeIfsmustdie: chimbot die
(25:54 / Allies) Silesw: both u are getting banned
(25:59 / All) OyVey: HOMOSEXUALS BACK IN THE CLOSET
(26:06 / All) Silesw: lol U GUYS GONA SUCK EACH OTHER OFF AFTER FAGGOTS?
(26:08 / All) NoobeIfsmustdie: I have higher score than any noob elf
(26:12 / All) NoobeIfsmustdie: noob elf die
(26:14 / All) OyVey: PURPLE HAS A HUSBAND
(26:14 / Allies) Silesw: FUCKING PATHETIC FAGGOTS YOU TO ARE
(26:16 / All) OyVey: I'M AGAINST THAT
(26:18 / Allies) Silesw: GO SUCK EACH OTHER OFF
(26:22 / Allies) Silesw: BLUE U SUCK HIS DICK
(26:24 / Allies) Silesw: THATS HWY U TKING
(26:24 / All) NoobeIfsmustdie: noob elf die
(26:24 / Allies) Silesw: LMFAO
(26:26 / All) NoobeIfsmustdie: out noob elf
(26:27 / Allies) Silesw: PATHEITC NOOB
(26:27 / All) OyVey: PURPLE YOU LOSE BECAUSE YOU HAVE A HUSBAND
(26:28 / All) NoobeIfsmustdie: noob elf lose
(26:46 / All) NoobeIfsmustdie: noob elf lose
(26:47 / All) NoobeIfsmustdie: noob elf die
(26:52 / All) Silesw: GO FUCK EACH OTHER FAGGOTS
(26:54 / All) BLACKKNIGHT-: starfall?
(26:55 / All) NoobeIfsmustdie: moon fire doesn't work on allies
(26:56 / All) BLACKKNIGHT-: LOL
(27:49 / All) NoobeIfsmustdie: 181-182 elf now
(29:03 / Allies) OyVey: Yoiu came to the wrong neighborhood
(31:36 / All) OyVey: you don't fucked with teh wrong hombre
(32:39 / All) OyVey: lol
(32:45 / Allies) VSF1: lol
(32:50 / All) OyVey: Happy to accodomate your suicide
(32:55 / Allies) VSF1: np
(33:43 / All) OyVey: Red stole my salve
(33:46 / All) OyVey: He must be part negro
(33:55 / All) NoobeIfsmustdie: wow
(34:02 / All) NoobeIfsmustdie: you have a mulatto on your team?
(34:08 / All) OyVey: Yeah red is an octoroon
(34:29 / All) NoobeIfsmustdie: that's a bad kind of coon
(35:02 / All) NoobeIfsmustdie: think they will stay for a standoff?
(35:03 / All) OyVey: ain't no quit in pink
(35:30 / All) BLACKKNIGHT-: okay
(36:14 / All) NoobeIfsmustdie: Pink refuses to standoff
(36:16 / All) NoobeIfsmustdie: and is going to leave
(36:23 / All) OyVey: lol
(36:27 / All) OyVey: bad luck, red
(36:31 / All) NoobeIfsmustdie: I explained it in allied chat
(36:35 / All) NoobeIfsmustdie: Now the fiendbot must lose
(38:36 / All) NoobeIfsmustdie: I have 810 mana
(38:39 / All) NoobeIfsmustdie: 2 pendants of energy
(38:40 / All) OyVey: pink mh
(38:41 / All) NoobeIfsmustdie: and a manastone
(38:45 / All) NoobeIfsmustdie: plus ring of regen
(38:46 / All) OyVey: so I wouldn't mind him losign
(38:53 / All) NoobeIfsmustdie: +14 damage, orb of lightning and claws +9
(39:04 / All) NoobeIfsmustdie: your team had 2 fiendbots and a chimbot who thought highly of himself
(39:07 / All) NoobeIfsmustdie: but my team had a maphacker
(39:15 / All) NoobeIfsmustdie: not sure which is gayer
(39:22 / All) OyVey: well purple threatened us
(39:24 / All) NoobeIfsmustdie: Pink was alright
(39:30 / All) NoobeIfsmustdie: He stayed to the end and didn't give up easily
(39:32 / All) OyVey: He said we'd be banned
(39:39 / All) NoobeIfsmustdie: he gave me all his resources before he left too
(39:40 / All) OyVey: I guess purp can lose